 Dungeon Crawl Stone Soup version 0.26-a0-346-g33516b1736 (webtiles) character file.

Game seed: 7967317400665959688

37463 MrRokkomies the Unseen (level 13, -4/65 HPs)
             Began as a Spriggan Venom Mage on July 17, 2020.
             Was an Initiate of Gozag.
             Splashed by an oklob plant's acid (14 damage)
             ... on level 1 of the Lair of Beasts.
             The game lasted 01:26:46 (24886 turns).

MrRokkomies the Unseen (Spriggan Venom Mage)       Turns: 24886, Time: 01:26:48

Health: -4/65      AC:  8    Str:  8    XL:     13   Next: 58%
Magic:  18/26      EV: 43    Int: 16    God:    Gozag
Gold:   789        SH:  0    Dex: 18    Spells: 12/28 levels left

rFire    . . .     SeeInvis +   a - +2 dagger (venom)
rCold    . . .     Faith    .   (shield restricted)
rNeg     . . .     Spirit   .   K - +1 robe of Jiyrirch {rPois rC- Slay+5}
rPois    +         Reflect  .   (helmet restricted)
rElec    .         Harm     .   C - +0 cloak
rCorr    .                      (gloves unavailable)
MR       +++..                  (boots unavailable)
Stlth    ++++++....             q - amulet of the acrobat
HPRegen  0.20/turn              x - +4 ring of protection
MPRegen  0.20/turn              t - ring of Ibbeiv {rC+ MR+}

@: acrobat, very slightly contaminated, very quick
A: very small, unfitting armour, see invisible, speed 3
a: Potion Petition, Call Merchant, Bribe Branch, Renounce Religion


You were on level 1 of the Lair of Beasts.
You worshipped Gozag.
Gozag was pleased with you.
You visited 3 branches of the dungeon, and saw 15 of its levels.
You also visited: Ice Cave.

You collected 5410 gold pieces.
You spent 2252 gold pieces at shops.
You paid 2369 gold pieces to Gozag.

Inventory:

Hand Weapons
 a - a +2 dagger of venom (weapon)
 b - a +1 dagger of electrocution
 F - a +4 scimitar of flaming
 Q - the +4 hunting sling "Opsuydaph" {flame, Int+5 Dex-5}
   (You found it on level 12 of the Dungeon)

   It causes projectiles fired from it to burn those they strike, causing extra
   injury to most foes and up to half again as much damage against particularly
   susceptible opponents.
   It affects your intelligence (+5).
   It affects your dexterity (-5).
 W - the +8 trident of the Octopus King {venom, rElec rPois MR+}
   (You found it on level 11 of the Dungeon)

   It poisons the flesh of those it strikes.
   It insulates you from electricity.
   It protects you from poison.
   It affects your resistance to hostile enchantments.
 X - the +1 rapier of the Evil Eye {flame, rN+ Str+3}
   (You found it on level 1 of the Lair of Beasts)

   It has been specially enchanted to burn those struck by it, causing extra
   injury to most foes and up to half again as much damage against particularly
   susceptible opponents.
   It affects your strength (+3).
   It protects you from negative energy.
Missiles
 w - 6 curare-tipped darts
 L - 44 boomerangs (quivered)
 O - 6 atropa-tipped darts
 P - a throwing net
 V - 18 boomerangs of dispersal
Armour
 B - a +1 robe
 C - a +0 cloak (worn)
 G - a +2 robe of positive energy
 K - the +1 robe of Jiyrirch (worn) {rPois rC- Slay+5}
   (You found it on level 9 of the Dungeon)

   It affects your accuracy and damage with ranged weapons and melee attacks
   (+5).
   It makes you vulnerable to cold.
   It protects you from poison.
 T - a scarf of shadows
Jewellery
 g - a +4 ring of evasion
 h - an uncursed ring of wizardry
 q - an amulet of the acrobat (around neck)
 t - the ring of Ibbeiv (right hand) {rC+ MR+}
   (You found it in an ice cave)

   [ring of protection from cold]

   It protects you from cold.
   It affects your resistance to hostile enchantments.
 u - an uncursed ring of protection from magic
 v - an uncursed ring of protection from magic
 x - a +4 ring of protection (left hand)
 D - an uncursed ring of stealth
 J - an uncursed ring of protection from fire
 N - an uncursed ring of ice
Wands
 A - a wand of polymorph (4)
 E - a wand of iceblast (12)
 I - a wand of flame (43)
 R - a wand of clouds (1)
Scrolls
 f - 7 scrolls of remove curse
 r - 4 scrolls of enchant armour
 y - a scroll of enchant weapon
 z - 3 scrolls of identify
 M - 6 scrolls of teleportation
 S - 2 scrolls of magic mapping
 U - a scroll of fog
Potions
 c - 4 potions of flight
 d - 2 potions of curing
 e - 3 potions of lignification
 i - 2 potions of stabbing
 j - 3 potions of brilliance
 k - a potion of invisibility
 l - 6 potions of ambrosia
 m - a potion of haste
 n - a potion of cancellation
 o - a potion of resistance {unknown}
 p - 2 potions of magic {unknown}
 s - 4 potions of degeneration {unknown}
 H - 2 potions of berserk rage {unknown}


   Skills:
 + Level 6.1 Fighting
 - Level 10.0 Short Blades
 * Level 10.6 Throwing
 - Level 12.0 Dodging
 - Level 15.0 Stealth
 - Level 8.1 Spellcasting
 - Level 5.0 Transmutations
 - Level 5.0 Air Magic
 * Level 2.4 Earth Magic
 - Level 8.0 Poison Magic
 + Level 2.3 Evocations


You had 12 spell levels left.
You knew the following spells:

 Your Spells              Type           Power        Failure   Level
a - Sting                 Tmut/Pois      ####         1%          1
b - Poisonous Vapours     Pois/Air       ####..       1%          2
c - Mephitic Cloud        Conj/Pois/Air  ###.....     5%          3
d - Ignite Poison         Fire/Tmut/Pois ###.....     5%          3
e - Beastly Appendage     Tmut           ###...       1%          1
f - Olgreb's Toxic Radia  Pois           ####....     4%          4
g - Passwall              Tmut/Erth      ###.....     3%          2

Your spell library contained the following spells:

 Spells                   Type           Power        Failure   Level
 Wereblood                Tmut           ###.....     2%          2
 Spider Form              Tmut/Pois      ####......   2%          3
 Sandblast                Erth           ##....       4%          1
 Animate Skeleton         Necr           #.....       11%         1
 Apportation              Tloc           #.....       11%         1
 Summon Small Mammal      Summ           #...         11%         1
 Call Imp                 Summ           #.......     17%         2
 Sublimation of Blood     Necr           #.........   17%         2
 Stone Arrow              Conj/Erth      ##....       21%         3
 Alistair's Intoxication  Tmut/Pois      ####....     22%         5
 Petrify                  Tmut/Erth      ###.....     24%         4
 Call Canine Familiar     Summ           #.......     32%         3
 Summon Guardian Golem    Hex/Summ       #.......     32%         3
 Ice Form                 Ice/Tmut       ##......     36%         4
 Summon Lightning Spire   Summ/Air       ##......     36%         4
 Blade Hands              Tmut           ###.......   36%         5
 Animate Dead             Necr           #.........   73%         4
 Summon Ice Beast         Ice/Summ       #.......     73%         4
 Irradiate                Conj/Tmut      ##........   73%         5
 Lee's Rapid Deconstruct  Erth           ##........   75%         5
 Eringya's Noxious Bog    Tmut/Pois      ####......   75%         6
 Summon Demon             Summ           #.........   97%         5
 Death Channel            Necr           #.........   100%        6
 Malign Gateway           Summ/Tloc      #.........   100%        7
 Monstrous Menagerie      Summ           #.........   100%        7
 Spellforged Servitor     Conj/Summ      #.........   100%        7
 Summon Greater Demon     Summ           #.........   100%        7
 Disjunction              Tloc           #.........   100%        8
 Summon Horrible Things   Summ           #.........   100%        8


Dungeon Overview and Level Annotations

Branches:
Dungeon (12/15)            Temple (0/1) D:4            Lair (1/6) D:11
    Orc (2/2) D:12            Elf (0/3) Orc:2         IceCv (visited)

Altars:
Ashenzari
Dithmenos
Elyvilon
Fedhas
Gozag
Hepliaklqana
Nemelex Xobeh
Okawaru
Qazlal
Ru
Sif Muna
Uskayaw
Xom
Yredelemnul
Beogh

Shops:
D:4 (   D:5 (   D:6 =   D:8 *   D:12 *   Orc:1 (   Orc:2 [(=(   Lair:1 :

Portals:
Abyss: D:9

Annotations:
D:4 3 runed translucent doors, iamserjio's ghost, amateur PaSk
D:7 1 runed translucent door, Niddhogr's ghost, novice DsCj
D:9 2 transporters, snadeaben's ghost, journeyman MiBe
D:12 3 runed translucent doors, Ummyemn's ghost, journeyman DrCj
Lair:1 exclusion: oklob plant


Innate Abilities, Weirdness & Mutations

You are very small and have problems with some larger weapons.
You are too small for most types of armour.
You have supernaturally acute eyesight. (SInv)
You cover ground extremely quickly.


Message History

Casting: Ignite Poison (dangerous; 5% risk of failure)
Confirm with . or Enter, or press ? or * to list all spells.
You ignite the poison in your surroundings!
Press: ? - help, v - describe, . - travel
Here: an oklob plant (flame)
The floor.
Unknown command.
Unknown command.
Unknown command.
The oklob plant is engulfed in blazing flames.
The oklob plant spits acid at you. The splash of acid hits you!
You are splashed with acid!
* * * LOW HITPOINT WARNING * * *
The oklob plant is engulfed in blazing flames.
The oklob plant spits acid at you. The splash of acid hits you.
* * * LOW HITPOINT WARNING * * *
You are splashed with acid!
You die...
Your body crumbles into a pile of gold.

##.### #........... .P.#
######...... #...# #......
..# ###.#+# ### ##..#
##+#############P####.##
#...........##)#........
#...........'..#........
####.....@....##.#........
#$☼.°.........##.#>..[....
#.P°○.........##..........
####°.........####........
#............# #........
########.#+### ####.##.#
### #.##..# ##....# #..###


You could see an oklob plant.

Vanquished Creatures
  An orc warlord (Orc:2)
  Erolcha (D:10)
  A hydra (D:11)
  Erica (D:8)
  2 two-headed ogres
  2 death yaks (IceCv)
  5 orc high priests (Orc:2)
  A skeletal warrior (D:12)
  6 orc knights (Orc:2)
  3 orc sorcerers (Orc:2)
  An ugly thing (D:9)
  A faun (shapeshifter) (D:8)
  An ice statue (IceCv)
  Joseph (D:10)
  Maurice (D:8)
  A gargoyle (D:10)
  3 trolls
  Prince Ribbit (D:5)
  9 polar bears (IceCv)
  A hornet (D:11)
  A slime creature (D:12)
  24 yaks
  2 wraiths (D:12)
  2 wyverns
  A steam dragon (D:12)
  5 wargs
  2 water moccasins (Lair:1)
  45 orc warriors
  5 ice beasts
  3 phantoms
  A black bear (D:12)
  A necrophage (D:12)
  2 sky beasts
  19 ogres
  15 wolves (IceCv)
  6 centaurs
  2 big kobolds (D:12)
  5 bullfrogs
  3 gnoll sergeants
  3 scorpions
  A water moccasin skeleton (D:9)
  7 wights
  6 killer bees
  An electric eel (D:12)
  A howler monkey (D:8)
  4 crimson imps (D:11)
  4 bullfrog zombies
  A centaur zombie (D:12)
  5 hounds
  A quasit (D:5)
  2 jellies
  30 orc priests
  3 bullfrog skeletons
  22 orc wizards
  2 centaur skeletons
  A gnoll shaman (D:8)
  Ijyb (D:3)
  6 iguanas
  5 worker ants
  2 hound zombies
  A hound skeleton (D:4)
  A howler monkey zombie (D:10)
  A worker ant zombie (D:6)
  20 gnolls
  A howler monkey skeleton (D:8)
  13 adders
  3 shadow imps
  5 white imps
  2 ufetubi
  An ooze (D:3)
  An adder skeleton (D:9)
  2 worms (D:2)
  2 dart slugs
  8 leopard geckos
  117 orcs
  4 ball pythons
  4 giant cockroaches
  7 goblins
  10 hobgoblins
  4 jackals
  4 quokkas
  5 bats
  7 frilled lizards
  8 kobolds
  A leopard gecko skeleton (D:4)
  7 rats
  2 plants (Lair:1)
536 creatures vanquished.

Vanquished Creatures (collateral kills)
  A frost giant (IceCv)
  2 polar bears (IceCv)
3 creatures vanquished.

Vanquished Creatures (others)
  A polar bear (IceCv)
  A crimson imp (D:11)
  An orc priest (D:9)
  4 plants (D:12)
7 creatures vanquished.

Grand Total: 546 creatures vanquished

Notes
Turn   | Place    | Note
-------+----------+-------------------------------------------
     0 | D:1      | MrRokkomies the Spriggan Venom Mage began the quest for the
                  | Orb.
     0 | D:1      | Reached XP level 1. HP: 9/9 MP: 5/5
   286 | D:1      | Reached XP level 2. HP: 13/13 MP: 2/6
   293 | D:1      | Learned a level 2 spell: Poisonous Vapours
   569 | D:1      | Reached XP level 3. HP: 10/16 MP: 8/8
  1499 | D:2      | Found a white marble altar of Elyvilon.
  1590 | D:2      | Found a hazy altar of Hepliaklqana.
  1915 | D:2      | Reached XP level 4. HP: 21/21 MP: 9/9
  1920 | D:2      | Reached skill level 4 in Stealth
  2032 | D:2      | Found a sacrificial altar of Ru.
  2173 | D:2      | Learned a level 3 spell: Mephitic Cloud
  2456 | D:2      | Found an opulent altar of Gozag.
  2582 | D:2      | Became a worshipper of Gozag Ym Sagoz the Greedy
  3026 | D:3      | Noticed Ijyb
  3032 | D:3      | Reached XP level 5. HP: 24/24 MP: 6/10
  3200 | D:3      | Killed Ijyb
  3596 | D:3      | Found a shadowy altar of Dithmenos.
  4024 | D:3      | Learned a level 3 spell: Ignite Poison
  4117 | D:4      | Found Xyguv's Antique Weapon Shop.
  4141 | D:4      | Reached skill level 5 in Stealth
  4141 | D:4      | Reached XP level 6. HP: 23/28 MP: 7/11
  4263 | D:4      | Found a staircase to the Ecumenical Temple.
  4295 | D:4      | Reached skill level 5 in Transmutations
  4295 | D:4      | Reached skill level 5 in Poison Magic
  4394 | D:4      | Reached skill level 5 in Dodging
  4549 | D:4      | Found a blossoming altar of Fedhas.
  4778 | D:4      | Found a sparkling altar of Nemelex Xobeh.
  4955 | D:4      | Found a runed translucent gate.
  4956 | D:4      | Found a runed translucent gate.
  4957 | D:4      | Found a runed translucent gate.
  4957 | D:4      | Identified the cursed +1 dagger "Ymoorgh" {chaos, Str+5}
  4957 | D:4      | Noticed iamserjio's ghost (amateur PaSk)
  4970 | D:4      | Noticed a fire elemental
  4972 | D:4      | Found a stormy altar of Qazlal.
  4975 | D:4      | Noticed an air elemental
  4976 | D:4      | Noticed a water elemental
  4984 | D:4      | Reached XP level 7. HP: 32/32 MP: 7/12
  5284 | D:4      | Identified the Volume of Evil Rites and the Compass
  5342 | D:4      | Reached skill level 6 in Stealth
  5525 | D:5      | Entered Level 5 of the Dungeon
  5676 | D:5      | Noticed Prince Ribbit
  5690 | D:5      | Killed Prince Ribbit
  5866 | D:5      | Found an iron altar of Okawaru.
  6080 | D:5      | Learned a level 1 spell: Beastly Appendage
  6306 | D:5      | Reached skill level 1 in Air Magic
  6501 | D:5      | Found Hipyneopp's Weapon Emporium.
  6522 | D:5      | Reached skill level 7 in Stealth
  6522 | D:5      | Reached XP level 8. HP: 36/36 MP: 5/13
  7641 | D:6      | Found Qaukhlops's Jewellery Shoppe.
  7645 | D:6      | Bought an uncursed amulet of the acrobat for 420 gold
                  | pieces
  8167 | D:6      | Found a basalt altar of Yredelemnul.
  8260 | D:6      | Reached skill level 8 in Stealth
  8640 | D:7      | Found a runed translucent door.
  8640 | D:7      | Found a shimmering altar of Xom.
  8640 | D:7      | Noticed a +2 long sword of chaos
  8640 | D:7      | Noticed Niddhogr's ghost (novice DsCj)
  8651 | D:7      | Learned a level 4 spell: Olgreb's Toxic Radiance
  9389 | D:7      | Reached XP level 9. HP: 39/39 MP: 7/17
  9630 | D:7      | Reached skill level 1 in Fighting
 10113 | D:7      | Found a hide-covered altar of Uskayaw.
 10124 | D:7      | Found a shimmering blue altar of Sif Muna.
 10181 | D:8      | Noticed Erica
 10185 | D:8      | Reached skill level 5 in Spellcasting
 10191 | D:8      | Noticed a komodo dragon
 10193 | D:8      | Killed Erica
 10193 | D:8      | Reached skill level 9 in Stealth
 10193 | D:8      | Reached skill level 5 in Air Magic
 10200 | D:8      | Noticed a salamander
 10200 | D:8      | a komodo dragon changed into a salamander
 11058 | D:8      | Reached skill level 1 in Short Blades
 11061 | D:8      | Found a shattered altar of Ashenzari.
 11063 | D:8      | Reached skill level 10 in Stealth
 11209 | D:8      | Noticed Maurice
 11230 | D:8      | Killed Maurice
 11230 | D:8      | Reached XP level 10. HP: 39/51 MP: 6/18
 11738 | D:8      | Noticed a faun
 11744 | D:8      | Killed a faun
 12029 | D:8      | Bought a potion of heal wounds for 65 gold pieces
 12052 | D:9      | Reached skill level 5 in Fighting
 12079 | D:9      | Found a transporter.
 12080 | D:9      | Noticed a toenail golem
 12188 | D:9      | Found a sparkling altar of Nemelex Xobeh.
 12329 | D:9      | Noticed a toenail golem
 12330 | D:9      | Got a warped robe
 12341 | D:9      | Identified the +1 robe of Jiyrirch {rPois rC- Slay+5} (You
                  | found it on level 9 of the Dungeon)
 12347 | D:9      | Identified the +5 broad axe "Reufevvy" {distort, +Inv
                  | Int+6}
 12347 | D:9      | Noticed a skeletal warrior
 12507 | D:9      | Noticed a purple ugly thing
 12689 | D:9      | Killed a purple ugly thing
 12882 | D:9      | Found a transporter.
 12888 | D:9      | Found a one-way gate to the infinite horrors of the Abyss.
 12888 | D:9      | Noticed snadeaben's ghost (journeyman MiBe)
 13190 | D:10     | Entered Level 10 of the Dungeon
 13244 | D:10     | Reached skill level 5 in Short Blades
 13279 | D:10     | Reached skill level 11 in Stealth
 13574 | D:10     | Noticed Joseph
 13581 | D:10     | Killed Joseph
 13738 | D:10     | Noticed Erolcha
 13744 | D:10     | Killed Erolcha
 13806 | D:10     | Noticed a gargoyle
 14268 | D:10     | Killed a gargoyle
 14435 | D:11     | Noticed a six-headed hydra
 14443 | D:11     | Killed a six-headed hydra
 14443 | D:11     | Reached XP level 11. HP: 8/56 MP: 7/19
 15103 | D:11     | Found a staircase to the Lair.
 15287 | D:11     | Noticed a two-headed ogre
 15313 | D:11     | Killed a two-headed ogre
 15313 | D:11     | Reached skill level 12 in Stealth
 15764 | D:12     | Got a brightly glowing hunting sling
 15765 | D:12     | Identified the +4 hunting sling "Opsuydaph" {flame, Int+5
                  | Dex-5} (You found it on level 12 of the Dungeon)
 15814 | D:12     | Found a staircase to the Orcish Mines.
 15867 | D:12     | Found a frozen archway.
 15877 | IceCv    | Entered an ice cave
 15990 | IceCv    | Reached skill level 5 in Throwing
 16409 | IceCv    | Noticed a death yak
 16416 | IceCv    | Killed a death yak
 16685 | IceCv    | Reached skill level 13 in Stealth
 16693 | IceCv    | Reached XP level 12. HP: 43/61 MP: 5/20
 17774 | IceCv    | Noticed a frost giant
 17774 | IceCv    | Noticed a death yak
 17781 | IceCv    | Killed a frost giant
 17781 | IceCv    | Reached skill level 10 in Short Blades
 17782 | IceCv    | Killed a death yak
 17782 | IceCv    | Reached skill level 10 in Dodging
 18075 | IceCv    | Got a smoking bronze ring
 18092 | IceCv    | Identified the ring of Ibbeiv {rC+ MR+} (You found it in an
                  | ice cave)
 18645 | D:12     | Bought 2 scrolls labeled QUQOUMN PIUPH for 70 gold pieces
 18660 | D:12     | Found a runed translucent gate.
 18661 | D:12     | Found a runed translucent gate.
 18662 | D:12     | Found a runed translucent gate.
 18663 | D:12     | Noticed Ummyemn's ghost (journeyman DrCj)
 18663 | D:12     | Noticed a nine-headed hydra
 18668 | D:12     | Noticed a ten-headed hydra
 19150 | D:12     | Reached skill level 14 in Stealth
 19514 | Orc:1    | Entered Level 1 of the Orcish Mines
 19514 | Orc:1    | Found Upann's Antique Weapon Shop.
 20543 | Orc:2    | Entered Level 2 of the Orcish Mines
 20724 | Orc:2    | Noticed a two-headed ogre
 20758 | Orc:2    | Killed a two-headed ogre
 21389 | Orc:2    | Found a staircase to the Elven Halls.
 21458 | Orc:2    | Reached XP level 13. HP: 65/65 MP: 12/23
 22122 | Orc:2    | Found a roughly hewn altar of Beogh.
 22464 | Orc:2    | Found Zoethrakk's Armour Emporium.
 22589 | Orc:2    | Found Rymirheg's Weapon Shoppe.
 22724 | Orc:2    | Reached skill level 10 in Throwing
 22867 | Orc:2    | Bought 5 boomerangs for 35 gold pieces
 22867 | Orc:2    | Bought a +1 dagger of electrocution for 168 gold pieces
 23126 | Orc:2    | Noticed an orc warlord
 23287 | Orc:2    | Killed an orc warlord
 23287 | Orc:2    | Reached skill level 15 in Stealth
 23404 | Orc:2    | Learned a level 2 spell: Passwall
 23422 | Orc:2    | Found a roughly hewn altar of Beogh.
 23582 | Orc:2    | Reached skill level 1 in Earth Magic
 23582 | Orc:2    | Reached skill level 1 in Evocations
 23687 | Orc:2    | Found Byraub's Antique Weapon Emporium.
 23731 | Orc:2    | Found Fuuhuhuis's Jewellery Shop.
 24277 | Lair:1   | Entered Level 1 of the Lair of Beasts
 24337 | Lair:1   | Bought Sif Muna's Papyrus of Summoning for 669 gold pieces
 24337 | Lair:1   | Bought a book of Alchemy for 825 gold pieces
 24450 | Lair:1   | Got an ancient rapier
 24451 | Lair:1   | Identified the cursed +1 rapier of the Evil Eye {flame, rN+
                  | Str+3} (You found it on level 1 of the Lair of Beasts)
 24622 | Lair:1   | Found a stormy altar of Qazlal.
 24886 | Lair:1   | Splashed by an oklob plant's acid

Illustrated notes

Levels and vault maps discovered:
D:1:      erik_arrival_cave_to_civilisation [erik_arrival_cave_to_hall],
          layout_basic
D:2:      layout_basic, lemuel_crystal_altar, nicolae_overflow_crystal_walls,
          lemuel_crystal_altar, nicolae_gozag_cash_rules_everything_around_me
D:3:      layout_basic, nicolae_overflow_hidden_temple, uniq_ijyb
D:4:      layout_basic, kennysheep_little_box, kennysheep_mini_moat,
          temple_fountains, serial_shops, nicolae_shop_overgrown_old_shop,
          gammafunk_ghost_nasty_kobolds, nicolae_qazlal_style_of_elements
D:5:      layout_basic, serial_shops, nicolae_shop_waterfront,
          okawaru_metal_pillars_1_2, uniq_prince_ribbit1
D:6:      layout_loops_corners, serial_shops, nicolae_shop_trees, basic_altar
D:7:      layout_loops_ring, amethyst_overflow_temple_binary, ebering_ghost_xom
D:8:      cheibrodos_elevator_heist, layout_cave_pools,
          ashenzari_conservatory_becter, uniq_maurice, uniq_erica
D:9:      layout_roguey, gammafunk_ghost_abyssal_escape,
          nemelex_diamond_rough_becter
D:10:     layout_big_octagon, serial_column_ruins, column_ruins_grid_4,
          column_ruins_open_tiny, column_ruins_corridor_straight, uniq_joseph,
          uniq_erolcha
D:11:     layout_roguey, lair_entry_dummy, minmay_nine_imps
D:12:     minmay_octagon_keep, layout_loops_ring,
          kennysheep_orc_monster_closet_entryway,
          portal_ice_cave_entry_pillars_2, gammafunk_ghost_hydra_chop,
          nicolae_lava_and_water
Lair:1:   layout_roguey, lemuel_centaur_altar, minmay_lair_oklob_chamber
Orc:1:    layout_caves, serial_shops, shop
Orc:2:    pubby_orc_utopia

Skill      XL: |  1  2  3  4  5  6  7  8  9 10 11 12 13 |
---------------+----------------------------------------+-----
Transmutations | 2 3 4 5 |  5.0
Stealth        | 4 5 7 8 10 11 13 14 15 | 15.0
Dodging        | 4 5 6 7 9 11 12 | 12.0
Poison Magic   | 4 5 6 7 8 |  8.0
Air Magic      | 1 4 5 |  5.0
Spellcasting   | 3 4 5 6 8 |  8.1
Fighting       | 4 6 |  6.1
Short Blades   | 2 6 9 10 | 10.0
Throwing       | 3 6 9 10 | 10.6
Earth Magic    | 2 |  2.4
Evocations     | 2 |  2.3

Action                   |  1- 3 |  4- 6 |  7- 9 | 10-12 | 13-15 || total
-------------------------+-------+-------+-------+-------+-------++-------
Melee: Dagger            |    77 |   180 |   325 |   541 |   136 ||  1259
       Spear             |     6 |       |       |       |       ||     6
       Unarmed           |       |       |    42 |    23 |       ||    65
       Kick              |       |       |     8 |     6 |       ||    14
       Headbutt          |       |       |     6 |     4 |       ||    10
       Rapier            |       |       |     3 |       |       ||     3
Throw: Dart              |       |       |       |     3 |       ||     3
       Throwing net      |       |       |       |     1 |       ||     1
       Boomerang         |       |       |       |     3 |    10 ||    13
 Cast: Sting             |    24 |    59 |    66 |     6 |       ||   155
       Poisonous Vapours |       |     8 |    37 |    57 |    27 ||   129
       Mephitic Cloud    |       |     3 |    11 |    25 |    11 ||    50
       Ignite Poison     |       |     1 |    11 |    41 |    22 ||    75
       Beastly Appendage |       |       |     3 |     3 |       ||     6
       Olgreb's Toxic Ra |       |       |     7 |    19 |    11 ||    37
Invok: Call Merchant     |       |       |       |     2 |     1 ||     3
Evoke: Wand              |       |       |    13 |    20 |       ||    33
       Phantom mirror    |       |       |       |     1 |       ||     1
  Use: Scroll            |     2 |     9 |     8 |     5 |     3 ||    27
       Potion            |       |       |     3 |     2 |     2 ||     7
 Stab: Sleeping          |    11 |     6 |    10 |    40 |     8 ||    75
       Confused          |       |     2 |     1 |     1 |     4 ||     8
       Distracted        |       |     1 |     1 |    10 |     1 ||    13
       Held in net/web   |       |       |       |     1 |       ||     1
       Invisible         |       |       |       |     1 |       ||     1
Armor: Robe              |    11 |    18 |    34 |    48 |     8 ||   119
Dodge: Dodged            |    68 |   193 |   464 |   477 |    77 ||  1279

Table legend:
 A = Non-vault XP
 B = Vault XP
 C = Vault XP percentage of total XP
 D = Non-vault monster count
 E = Vault monster count
 F = Vault count percentage of total count
                 A         B        C        D         E       F
            +---------+---------+-------+---------+---------+-------
      Total |   13245 |   40274 |  75.3 |     291 |     249 |  46.1
            +---------+---------+-------+---------+---------+-------
        D:1 |      49 |       3 |   5.8 |      21 |       2 |   8.7
        D:2 |     126 |       0 |   0.0 |      27 |       0 |   0.0
        D:3 |     145 |      36 |  19.9 |      24 |       1 |   4.0
        D:4 |     535 |       0 |   0.0 |      19 |       0 |   0.0
        D:5 |     564 |     283 |  33.4 |      20 |       1 |   4.8
        D:6 |     619 |       0 |   0.0 |      20 |       0 |   0.0
        D:7 |     948 |       0 |   0.0 |      24 |       0 |   0.0
        D:8 |     914 |    1956 |  68.2 |      25 |       6 |  19.4
        D:9 |    1495 |       0 |   0.0 |      24 |       0 |   0.0
       D:10 |    1178 |    1457 |  55.3 |      17 |       2 |  10.5
       D:11 |    3720 |     236 |   6.0 |      24 |       9 |  27.3
       D:12 |     957 |    3603 |  79.0 |      12 |      30 |  71.4
     Lair:1 |     396 |     456 |  53.5 |       3 |       4 |  57.1
      Orc:1 |    1599 |       0 |   0.0 |      31 |       0 |   0.0
      Orc:2 |       0 |   19416 | 100.0 |       0 |     142 | 100.0
      IceCv |       0 |   12828 | 100.0 |       0 |      52 | 100.0
            +---------+---------+-------+---------+---------+-------
